 Dungeon Crawl Stone Soup version 0.25-a0-589-g1e14c549ee (webtiles) character file.

Game seed: 11706372851778872936, levelgen mode: deterministic

13325 EriolAelfwine the Cleaver (level 11, -2/102 HPs)
             Began as a Minotaur Berserker on Mar 10, 2020.
             Was an Elder of Trog.
             Slain by a blink frog (6 damage)
             ... on level 1 of the Lair of Beasts.
             The game lasted 00:46:49 (12866 turns).

EriolAelfwine the Cleaver (Minotaur Berserker)     Turns: 12866, Time: 00:46:50

Health: -2/102     AC: 18    Str: 30    XL:     11   Next: 74%
Magic:  10/10      EV: 10    Int:  5    God:    Trog [****..]
Gold:   413        SH:  7    Dex:  9    Spells: 10/10 levels left

rFire    + . .     SeeInvis .   N - +2 broad axe (protect)
rCold    + . .     Gourm    .   D - +2 buckler {rC+}
rNeg     . . .     Faith    .   R - +2 plate armour {rF+}
rPois    +         Spirit   .   (helmet restricted)
rElec    .         Reflect  .   o - +0 cloak {MR+}
rCorr    .         Harm     .   (no gloves)
MR       +....                  (no boots)
Stlth    ..........             i - amulet of magic regeneration
HPRegen  0.27/turn              w - +5 ring of strength
MPRegen  0.37/turn              u - ring of poison resistance

@: no status effects
A: retaliatory headbutt, horns 2
a: Berserk, Trog's Hand, Brothers in Arms, Renounce Religion


You were on level 1 of the Lair of Beasts.
You worshipped Trog.
Trog was greatly pleased with you.
You were hungry.

You visited 3 branches of the dungeon, and saw 13 of its levels.
You also visited: Sewer and Volcano.

You collected 743 gold pieces.
You spent 330 gold pieces at shops.

Inventory:

Hand Weapons
 l - a +2 war axe of draining
 N - a +2 broad axe of protection (weapon)
 Q - a +0 battleaxe of flaming
Missiles
 E - 2 throwing nets (quivered)
Armour
 o - a +0 cloak of magic resistance (worn)
 B - a +0 kite shield
 D - a +2 buckler of cold resistance (worn)
 H - +0 swamp dragon scales
 P - +0 fire dragon scales
 R - a +2 plate armour of fire resistance (worn)
Jewellery
 i - an amulet of magic regeneration (around neck)
 u - a ring of poison resistance (right hand)
 w - a +5 ring of strength (left hand)
 O - an uncursed ring of positive energy
Wands
 x - a wand of enslavement (6)
 F - a wand of scattershot (6)
 I - a wand of iceblast (7)
 K - a wand of digging (7)
 M - a wand of flame (24)
Scrolls
 d - 5 scrolls of teleportation
 h - 2 scrolls of remove curse
 n - 2 scrolls of fog
 y - 3 scrolls of magic mapping
 C - 3 scrolls of identify
Potions
 b - a potion of magic
 e - 5 potions of brilliance
 g - 2 potions of flight
 j - 3 potions of stabbing
 k - 7 potions of curing
 m - 5 potions of resistance
 p - 2 potions of haste
 q - 2 potions of mutation {unknown}
 r - 2 potions of might {unknown}
 s - 2 potions of ambrosia {unknown}
 t - 3 potions of lignification {unknown}
 v - a potion of experience {unknown}
 z - 3 potions of degeneration {unknown}
 A - 2 potions of berserk rage {unknown}
 G - a potion of heal wounds {unknown}
 J - a potion of cancellation {unknown}
 L - a potion of invisibility {unknown}
Comestibles
 a - 4 chunks of flesh
 c - 10 rations


   Skills:
 + Level 11.3 Fighting
 * Level 14.0 Axes
 + Level 10.9 Armour
 + Level 5.7 Dodging
 - Level 0.5 Stealth
 + Level 7.2 Shields


You had 10 spell levels left.
You didn't know any spells.
Your spell library was empty.

Dungeon Overview and Level Annotations

Branches:
Dungeon (11/15)            Temple (1/1) D:4            Lair (1/6) D:10
    Orc (0/2) D:10          Sewer (visited)         Volcano (visited)

Altars:
Ashenzari
Cheibriados
Dithmenos
Elyvilon
Fedhas
Gozag
Hepliaklqana
Kikubaaqudgha
Makhleb
Nemelex Xobeh
Okawaru
Qazlal
Ru
Sif Muna
Trog
Uskayaw
Vehumet
Wu Jian
Xom
Yredelemnul
Zin
The Shining One

Shops:
D:4 [   D:9 ?*


Innate Abilities, Weirdness & Mutations

You reflexively headbutt those who attack you in melee.
You have a pair of horns on your head.


Message History

The crocodile barely misses you.
You turn to flesh and can move again.
As you read the scroll of teleportation, it crumbles to dust.
You feel strangely unstable. The death yak gores you!
* * * LOW HITPOINT WARNING * * *
The catoblepas breathes a plume of calcifying dust at you.
The blast of calcifying dust hits you.
* * * LOW HITPOINT WARNING * * *
The blink frog blinks!
The crocodile closely misses you.
Okay, then.
Your surroundings suddenly seem different.
A blink frog comes into view.
The blink frog croaks.
A blink frog comes into view.
The blink frog croaks.
A blink frog comes into view.
The blink frog croaks.
A blink frog comes into view.
The blink frog hits you.
You die...

### ### ### ## ##P### ###
#.###.###############.
.....###.###.....................
.....#....##...F@F...............
.........###...FF................
###....#####...#####..(.#####....
#P#.####....>.# ##..+....#...†
##### #......## #..#....#....
##.# ##......# *#..#.###..$..
##..# #.....P# *P............
###.#.# #.....P# ##..##.+#..###
......####.....## #..#.......,,


You could see 4 blink frogs.

Vanquished Creatures
  A fire dragon (Volcano)
  Harold (D:6)
  A hell hog (Volcano)
  2 two-headed ogres (D:8)
  Joseph (D:7)
  Psyche (D:9)
  A gargoyle (D:10)
  Maggie (D:7)
  2 molten gargoyles (Volcano)
  A centaur skeleton (D:10)
  A troll (D:10)
  Prince Ribbit (D:6)
  Grinder (D:3)
  2 hippogriffs
  A meliai zombie (D:10)
  Sigmund (D:5)
  5 fire bats (Volcano)
  3 steam dragons (Volcano)
  3 water moccasins
  3 porcupines
  3 ice beasts
  2 sky beasts
  3 black bears
  4 orc warriors (D:10)
  A phantom (D:9)
  3 ogres
  4 crocodiles
  3 big kobolds
  5 bullfrogs
  3 jellies
  2 scorpions
  4 killer bees (D:10)
  4 wights (D:10)
  6 howler monkeys
  3 electric eels (D:10)
  A bullfrog zombie (D:8)
  6 lava snakes (Volcano)
  5 crimson imps
  A quasit (D:9)
  7 hounds
  2 bullfrog skeletons
  15 orc wizards
  A gnoll shaman (D:5)
  3 orc priests
  Crazy Yiuf (D:5)
  3 iguanas
  5 worker ants
  10 gnolls
  13 adders
  A shadow imp (D:5)
  A white imp (D:8)
  An adder skeleton (D:4)
  3 worms
  2 dart slugs
  6 leopard geckos
  32 orcs
  4 giant cockroaches
  7 hobgoblins
  22 jackals
  24 kobolds
  4 quokkas
  3 ball pythons
  9 bats
  2 frilled lizards (D:2)
  11 goblins
  A jackal skeleton (D:6)
  2 leopard gecko skeletons
  A quokka skeleton (D:6)
  5 rats
  3 fungi (D:10)
  2 plants
302 creatures vanquished.

Vanquished Creatures (others)
  31 fungi
  16 plants (D:10)
47 creatures vanquished.

Grand Total: 349 creatures vanquished

Notes
Turn   | Place    | Note
-------+----------+-------------------------------------------
     0 | D:1      | EriolAelfwine the Minotaur Berserker began the quest for
                  | the Orb.
     0 | D:1      | Reached XP level 1. HP: 19/19 MP: 0/0
    28 | D:1      | Reached skill level 4 in Axes
    34 | D:1      | Reached XP level 2. HP: 6/27 MP: 1/1
  1117 | D:1      | Reached ** piety under Trog
  1246 | D:1      | Reached XP level 3. HP: 24/33 MP: 2/2
  1439 | D:2      | Reached skill level 5 in Axes
  1703 | D:2      | Reached XP level 4. HP: 18/40 MP: 3/3
  2452 | D:3      | Reached skill level 6 in Axes
  2452 | D:3      | Reached XP level 5. HP: 47/47 MP: 4/4
  3067 | D:3      | Noticed Grinder
  3104 | D:3      | Paralysed by Grinder for 2 turns
  3110 | D:3      | Killed Grinder
  3110 | D:3      | Reached skill level 7 in Axes
  3110 | D:3      | Reached XP level 6. HP: 38/55 MP: 5/5
  3301 | D:3      | Reached skill level 5 in Fighting
  3474 | D:4      | Found Ruziph's Antique Armour Emporium.
  3608 | D:4      | Found a staircase to the Ecumenical Temple.
  3644 | D:4      | Reached skill level 8 in Axes
  3669 | Temple   | Entered the Ecumenical Temple
  4123 | D:4      | Got a colourful robe
  4200 | D:4      | Reached XP level 7. HP: 61/61 MP: 6/6
  4202 | D:4      | Reached *** piety under Trog
  4219 | D:4      | Found a shimmering altar of Xom.
  4572 | D:4      | Identified the +1 robe "Budalygu" {Str+2} (You found it on
                  | level 4 of the Dungeon)
  4614 | D:5      | Entered Level 5 of the Dungeon
  4962 | D:5      | Reached skill level 9 in Axes
  5033 | D:5      | Reached skill level 5 in Armour
  5341 | D:5      | Reached XP level 8. HP: 61/70 MP: 7/7
  5432 | D:5      | Noticed Sigmund
  5456 | D:5      | Killed Sigmund
  5456 | D:5      | Reached skill level 10 in Axes
  5532 | D:5      | Found a runed translucent door.
  5533 | D:5      | Noticed Crazy Yiuf
  5709 | D:5      | Killed Crazy Yiuf
  5723 | D:5      | Got an iridescent mace
  5724 | D:5      | Identified the cursed +0 mace "Enoboet" {vorpal, +Rage
                  | rElec Int+3 SInv} (You found it on level 5 of the Dungeon)
  6125 | D:6      | Found a glowing drain.
  6139 | Sewer    | Entered a sewer
  6788 | D:6      | Reached skill level 1 in Shields
  6864 | D:6      | Noticed Prince Ribbit
  6905 | D:6      | Killed Prince Ribbit
  7232 | D:7      | Noticed Harold
  7253 | D:6      | Killed Harold
  7253 | D:6      | Reached skill level 11 in Axes
  7253 | D:6      | Reached XP level 9. HP: 61/81 MP: 8/8
  7612 | D:7      | Noticed Joseph
  7635 | D:7      | Killed Joseph
  7639 | D:7      | Reached skill level 12 in Axes
  7821 | D:7      | Noticed Maggie
  7837 | D:7      | Killed Maggie
  8333 | D:8      | Noticed a two-headed ogre
  8339 | D:8      | Killed a two-headed ogre
  8339 | D:8      | Reached XP level 10. HP: 90/90 MP: 9/9
  8564 | D:8      | Found a stormy altar of Qazlal.
  8713 | D:8      | Noticed a two-headed ogre
  8724 | D:8      | Killed a two-headed ogre
  8724 | D:8      | Reached skill level 13 in Axes
  8988 | D:9      | Found Ecaobb's Magic Scroll Shoppe.
  8999 | D:9      | Found Wem Neohopt's Assorted Antiques.
  9064 | D:9      | Reached **** piety under Trog
  9165 | D:9      | Noticed Psyche
  9175 | D:9      | Killed Psyche
  9755 | D:10     | Entered Level 10 of the Dungeon
  9905 | D:10     | Reached skill level 10 in Fighting
  9905 | D:10     | Reached skill level 14 in Axes
 10045 | D:10     | Reached XP level 11. HP: 100/100 MP: 10/10
 10051 | D:10     | Reached skill level 5 in Shields
 10058 | D:10     | Found a staircase to the Lair.
 10563 | D:10     | Reached skill level 10 in Armour
 10608 | D:10     | Found a staircase to the Orcish Mines.
 11396 | D:10     | Reached ***** piety under Trog
 11396 | D:10     | Received a gift from Trog
 11501 | D:9      | Bought a scroll of brand weapon for 240 gold pieces
 11501 | D:9      | Bought a scroll of enchant weapon for 90 gold pieces
 11610 | D:11     | Noticed a green ugly thing
 11628 | Lair:1   | Entered Level 1 of the Lair of Beasts
 11726 | Lair:1   | Found a dark tunnel.
 11736 | Volcano  | Entered a volcano
 12294 | Volcano  | Found a bloodstained altar of Trog.
 12294 | Volcano  | Noticed a hell hog
 12306 | Volcano  | Killed a hell hog
 12318 | Volcano  | Reached skill level 5 in Dodging
 12728 | Volcano  | Noticed a fire dragon
 12735 | Volcano  | Killed a fire dragon
 12844 | Lair:1   | Noticed a catoblepas
 12851 | Lair:1   | Noticed a death yak
 12864 | Lair:1   | HP: 4/102 [catoblepas/blast of calcifying dust (4)]
 12866 | Lair:1   | Slain by a blink frog

Levels and vault maps discovered:
D:1:      grunt_arrival_lava_bath, layout_basic
D:2:      layout_loops_ring, chequers_decorated_corner
D:3:      layout_basic, due_unseen_surprise, uniq_grinder
D:4:      layout_basic, minmay_temple_entry_butterflies, serial_shops,
          nicolae_shop_overgrown_old_shop, first_ration, tgw_xom
D:5:      layout_basic, uniq_sigmund, uniq_crazy_yiuf_cottage
D:6:      layout_cave_pods, portal_sewer_entry_d, uniq_prince_ribbit1
D:7:      layout_basic, serial_curves, eino_curves_03, eino_curves_03,
          eino_curves_04, eino_curves_04, uniq_joseph, uniq_harold, uniq_maggie
D:8:      layout_basic, lemuel_doored_altar, minmay_fire_ice_demons
D:9:      layout_irregular_city, serial_shops, shop, shop, uniq_psyche
D:10:     layout_basic, due_lair_maze_entry_diamond, erik_orc_2
D:11:     layout_gridville, nicolae_trove_entry_diagonal
Temple:   nicolae_temple_the_god_donut
Lair:1:   layout_chaotic_city, enter_volcano_2, hangedman_lair_generics_rect,
          lemuel_fruit_tree

Skill      XL: |  1  2  3  4  5  6  7  8  9 10 11 |
---------------+----------------------------------+-----
Axes           | 4 5 6 7 8 9 11 12 14 | 14.0
Fighting       | 4 5 6 7 8 10 11 | 11.3
Armour         | 3 5 7 8 9 10 | 10.9
Shields        | 3 4 7 |  7.2
Dodging        | 3 5 |  5.7
Stealth        | |  0.5

Action                   |  1- 3 |  4- 6 |  7- 9 | 10-12 || total
-------------------------+-------+-------+-------+-------++-------
Melee: Hand axe          |    89 |   159 |   253 |   300 ||   801
       Headbutt          |     7 |    35 |    56 |    78 ||   176
       Broad axe         |       |       |       |    60 ||    60
       War axe           |       |       |       |    45 ||    45
Invok: Berserk           |     1 |     3 |     7 |     7 ||    18
       Trog's Hand       |       |     3 |    10 |    10 ||    23
  Use: Scroll            |       |       |    12 |    11 ||    23
  Eat: Chunk             |     3 |     7 |    17 |     9 ||    36
       Ration            |       |     1 |     2 |     5 ||     8
Armor: Animal skin       |    22 |     3 |       |       ||    25
       Scale mail        |       |    50 |       |       ||    50
       Chain mail        |       |       |    89 |       ||    89
       Swamp dragon scal |       |       |     1 |    71 ||    72
       Plate armour      |       |       |       |    77 ||    77
Dodge: Dodged            |    63 |    66 |    80 |   141 ||   350
Block: Kite shield       |       |       |    21 |       ||    21
       Buckler           |       |       |    11 |    94 ||   105

Table legend:
 A = Non-vault XP
 B = Vault XP
 C = Vault XP percentage of total XP
 D = Non-vault monster count
 E = Vault monster count
 F = Vault count percentage of total count
                 A         B        C        D         E       F
            +---------+---------+-------+---------+---------+-------
      Total |    9380 |    9657 |  50.7 |     227 |      70 |  23.6
            +---------+---------+-------+---------+---------+-------
        D:1 |      48 |       0 |   0.0 |      28 |       0 |   0.0
        D:2 |      76 |       0 |   0.0 |      28 |       0 |   0.0
        D:3 |     171 |     272 |  61.4 |      21 |       1 |   4.5
        D:4 |     146 |      48 |  24.7 |      14 |       6 |  30.0
        D:5 |     858 |     275 |  24.3 |      25 |       2 |   7.4
        D:6 |     434 |    1315 |  75.2 |      17 |       3 |  15.0
        D:7 |     629 |     876 |  58.2 |      15 |       2 |  11.8
        D:8 |    2290 |      61 |   2.6 |      15 |       2 |  11.8
        D:9 |    1430 |     448 |  23.9 |      26 |       1 |   3.7
       D:10 |    2748 |    1758 |  39.0 |      34 |      29 |  46.0
     Lair:1 |     550 |       0 |   0.0 |       4 |       0 |   0.0
      Sewer |       0 |     121 | 100.0 |       0 |       6 | 100.0
    Volcano |       0 |    4483 | 100.0 |       0 |      18 | 100.0
            +---------+---------+-------+---------+---------+-------
